 Dungeon Crawl Stone Soup version 0.31.0-32-g396128a36d (webtiles) character file.

Game seed: 13227918375348342893

113 booth the Chopper (level 4, -2/30 HPs)
             Began as a Demonspawn Gladiator on Apr 19, 2024.
             Was a Follower of Okawaru.
             Slain by Grinder (8 damage)
             ... on level 3 of the Dungeon.
             The game lasted 00:13:13 (2027 turns).

booth the Chopper (Demonspawn Gladiator)            Turns: 2027, Time: 00:13:13

Health: -2/30      AC: 11    Str: 16    XL:     4   Next: 65%
Magic:  4/4        EV: 11    Int:  8    God:    Okawaru [*.....]
Gold:   141        SH:  0    Dex: 15    Spells: 3/3 levels left

rFire   . . .        a - +0 war axe
rCold   + . .        (no shield)
rNeg    . . .        p - +1 ring mail
rPois   .            g - +1 helmet
rElec   .            l - +1 cloak
rCorr   .            (no gloves)
SInv    .            b - +0 pair of boots
Will    .....        (no amulet)
Stlth   +            f - ring of protection from cold
HPRegen 0.25/turn    (no ring)
MPRegen 0.09/turn

%: no passive effects
@: no status effects
A: powered by death 1, spiny 1, frail 1, evolution 1
a: Renounce Religion, Heroism


You were on level 3 of the Dungeon.
You worshipped Okawaru.
Okawaru was aware of your devotion.
You visited 1 branch of the dungeon, and saw 3 of its levels.

You collected 141 gold pieces.

Inventory:

Hand Weapons
 a - a +0 war axe (weapon)
 n - a +0 mace
Missiles
 d - 3 throwing nets
 e - a javelin
 r - 8 boomerangs (quivered)
Armour
 b - a +0 pair of boots (worn)
 g - a +1 helmet (worn)
 l - a +1 cloak (worn)
 p - a +1 ring mail (worn)
Jewellery
 f - a ring of protection from cold (left hand)
Scrolls
 m - a scroll of blinking {unknown}
 o - a scroll of teleportation {unknown}
Potions
 c - a potion of brilliance
 h - a potion of enlightenment
 i - 3 potions of might
 j - a potion of curing {unknown}
 k - a potion of mutation
 q - a potion of invisibility {unknown}


   Skills:
 + Level 2.9 Fighting
 * Level 3.9 Axes
 + Level 2.6 Throwing
 - Level 2.7 Dodging


You had 3 spell levels left.
You didn't know any spells.
Your spell library was empty.

Dungeon Overview and Level Annotations

Branches:
Dungeon (3/15)

Altars:
Cheibriados
Okawaru

Annotations:
D:3 Grinder


Innate Abilities, Weirdness & Mutations

You regenerate a little health from kills.
You are partially covered in sharp spines.
You are frail. (-10% HP)
You have hidden genetic potential.


Message History

The orc is moderately wounded.
Grinder shouts!
You hit the orc wizard.
You kill the orc wizard!
Okawaru accepts your kill. The orc barely misses you.
You barely miss the orc.
The orc is moderately wounded.
The orc hits you but does no damage.
Grinder blinks!
The orc barely misses you.
You hit the orc.
The orc is heavily wounded.
The orc is struck by your spines.
You kill the orc!
Okawaru accepts your kill.
r - 8 boomerangs (gained 3)
Things that are here:
a +0 trident; an orc corpse Grinder says, "DUCK!"
Grinder hits you.
You writhe in agony.
You are too injured to fight recklessly!
Grinder is struck by your spines. Grinder hits you.
Things that are here:
a +0 trident; an orc corpse You hit Grinder.
Grinder is lightly wounded.
Grinder misses you.
You slash Grinder!
Grinder is moderately wounded.
Grinder is struck by your spines. Grinder hits you!
You writhe in agony.
Grinder closely misses you.
You closely miss Grinder.
Grinder is heavily wounded.
Grinder is struck by your spines. Grinder hits you.
You writhe in agony.
* * * LOW HITPOINT WARNING * * *
It was a potion of mutation.
You feel extremely strange.
You feel frail.
You feel a hidden potential growing inside you.
Grinder is struck by your spines. Grinder hits you!
You die...
Grinder says, "Now the real fun starts!"

#### #.# ...# #.# ### #.#
##.# #.# #.. ...
##.###.### #.# #.#
##.......# #.# #.##
############.# #..
##........##.###.#
##...........).#.####<####
...............)@.........
##........#..#$#5####.#.##
#........#..#.#.#
##########..#.#.# .......#
......... ........##
########## ### ####


You could see Grinder.

Vanquished Creatures
  An orc wizard (D:3)
  3 adders (D:2)
  A ribbon worm (D:2)
  A dart slug (D:1)
  3 orcs (D:3)
  4 ball pythons (D:1)
  8 bats
  6 endoplasms (D:1)
  5 giant cockroaches
  5 goblins
  2 hobgoblins (D:1)
  2 jackals (D:2)
  5 frilled lizards
  3 kobolds
  5 rats
54 creatures vanquished.

Notes
Turn   | Place    | Note
-------+----------+-------------------------------------------
     0 | D:1      | booth the Demonspawn Gladiator began the quest for the Orb.
     0 | D:1      | Reached XP level 1. HP: 16/16 MP: 1/1
   246 | D:1      | Gained mutation: You are partially covered in sharp spines.
                  | [demonic ancestry]
   246 | D:1      | Reached XP level 2. HP: 22/22 MP: 2/2
   269 | D:1      | Reached skill level 3 in Axes
   607 | D:1      | Gained mutation: You regenerate a little health from kills.
                  | [demonic ancestry]
   607 | D:1      | Reached XP level 3. HP: 28/28 MP: 3/3
  1228 | D:2      | Found a snail-covered altar of Cheibriados.
  1304 | D:2      | Reached XP level 4. HP: 34/34 MP: 4/4
  1319 | D:2      | Found a faded altar of an unknown god.
  1324 | D:2      | Prayed at the altar of an unknown god.
  1324 | D:2      | Became a worshipper of Warmaster Okawaru
  1324 | D:2      | Reached * piety under Okawaru
  2012 | D:3      | Noticed Grinder
  2027 | D:3      | Gained mutation: You are frail. (-10% HP) [potion of
                  | mutation]
  2027 | D:3      | Gained mutation: You have hidden genetic potential. [potion
                  | of mutation]
  2027 | D:3      | Slain by Grinder

Illustrated notes

Levels and vault maps discovered:
D:1:      noname_arrival_rooms_in_the_neighbourhood, layout_rooms, fountainhead
D:2:      layout_basic, shapermc_ecumenical_altar_acropolis, basic_altar
D:3:      layout_basic, moated_statue, minmay_misc_feat_encased, minmay_puff,
          uniq_grinder

Skill      XL: |  1  2 |
---------------+-------+-----
Throwing       | 2 |  2.6
Axes           | 3 |  3.9
Fighting       | |  2.9
Dodging        | |  2.7

Action                     |  1- 3 |  4- 6 || total
---------------------------+-------+-------++-------
  Melee: War axe           |    87 |    17 ||   104
         Punch             |     1 |       ||     1
    Use: Scroll            |     3 |     2 ||     5
         Potion            |       |     2 ||     2
   Stab: Sleeping          |     1 |       ||     1
 Armour: Leather armour    |    36 |       ||    36
         Ring mail         |     7 |    16 ||    23
  Dodge: Dodged            |    56 |    11 ||    67
